 Dungeon Crawl Stone Soup version 0.18.1-50-g88ac8fd (webtiles) character file.

129 Badman the Poker (level 4, -1/33 HPs)
             Began as a Demonspawn Gladiator on Sept 13, 2016.
             Slain by a gnoll
             ... wielding a +0 flail
              (3 damage)
             ... on level 3 of the Dungeon.
             The game lasted 00:02:08 (1871 turns).

Badman the Poker (Demonspawn Gladiator)             Turns: 1871, Time: 00:02:09

Health: -1/33      AC:  9    Str: 17    XL:     4   Next: 88%
Magic:  0/4        EV:  7    Int:  9    God:
Gold:   93         SH:  0    Dex: 13    Spells: 0 memorised, 3 levels left

rFire  . . .     SeeInvis .     a - +0 trident
rCold  . . .     Gourm    .     h - +0 chain mail
rNeg   . . .     Faith    .     (no shield)
rPois  .         Spirit   +     c - +0 helmet
rElec  .         Dismiss  .     (no cloak)
rCorr  .         Reflect  .     (no gloves)
SustAt .         Harm     .     (no boots)
MR     .....                    i - amulet of guardian spirit
Stlth  ..........               (no ring)
                                (no ring)

@: not resistant to hostile enchantments, extremely unstealthy
A: hooves 2
a: no special abilities


You were on level 3 of the Dungeon.
You were not hungry.

You visited 1 branch of the dungeon, and saw 3 of its levels.

You collected 93 gold pieces.

Inventory:

Hand Weapons
 a - a +0 trident (weapon)
Missiles
 d - 3 throwing nets (quivered)
 e - 6 curare-tipped needles
Armour
 c - a +0 helmet (worn)
 h - a +0 chain mail (worn)
Jewellery
 i - an amulet of guardian spirit (around neck)
Scrolls
 b - a scroll of noise {unknown}
 j - a scroll of identify {unknown}
 n - a scroll of teleportation {unknown}
Potions
 k - 4 potions of heal wounds {unknown}
 l - 2 potions of curing {unknown}
 m - a potion of ambrosia {unknown}
 o - 3 potions of mutation {unknown}
Comestibles
 f - 2 bread rations
 g - a meat ration


   Skills:
 - Level 2.0 Fighting
 + Level 5.1 Polearms
 - Level 1.7 Throwing
 - Level 2.6 Dodging


You had 3 spell levels left.
You didn't know any spells.

Dungeon Overview and Level Annotations

Branches:
Dungeon (3/15)

Altars:


Innate Abilities, Weirdness & Mutations

You have hoof-like feet.


Message History

Aim: a gnoll, wielding a flail You reach to attack!
You hit the gnoll.
The gnoll is moderately wounded.
The gnoll hits you with a flail.
* * * LOW HITPOINT WARNING * * *
Attack whom?
Press: ? - help, Dir - move target cursor, f/p - gnoll
Aim: a gnoll, wielding a flail (moderately wounded)
You reach to attack!
You hit the gnoll but do no damage.
The gnoll is moderately wounded.
A kobold comes into view. It is wielding a whip.
Attack whom?
Press: ? - help, Dir - move target cursor, f/p - gnoll
Aim: a gnoll, wielding a flail (moderately wounded)
The gnoll is in the way.
You closely miss the gnoll.
The kobold shouts!
Your kick misses the gnoll.
The gnoll is almost dead.
The gnoll hits you with a flail.
You die...

#..### #..# #.##...
.....####.###.##.#
#.##.....)..†....#
#.######....#.[..# ...
......(....#.######
##........##..........#..
##...######.#..........
#..#. #............ ..##.
#.##@####.#.. .# #
####g### #gg.# ###o# ..#
..K. ...## .... ..###


You could see 2 gnolls, an orc, a hobgoblin and a kobold.

Vanquished Creatures
  2 gnolls (D:3)
  4 adders (D:2)
  2 oozes (D:1)
  A worm (D:2)
  2 dart slugs (D:1)
  3 giant geckos
  An orc (D:3)
  2 giant cockroaches (D:2)
  4 goblins
  7 hobgoblins
  A jackal (D:1)
  A quokka (D:3)
  3 ball pythons
  8 bats
  6 giant newts
  6 kobolds
  5 rats
58 creatures vanquished.

Notes
Turn   | Place    | Note
--------------------------------------------------------------
     0 | D:1      | Badman the Demonspawn Gladiator began the quest for the Orb.
     0 | D:1      | Reached XP level 1. HP: 16/16 MP: 1/1
    58 | D:1      | Reached skill level 3 in Polearms
    93 | D:1      | Gained mutation: You have large cloven feet. [demonic ancestry]
    93 | D:1      | Reached XP level 2. HP: 13/22 MP: 2/2
   525 | D:1      | Gained mutation: You have hoof-like feet. [demonic ancestry]
   525 | D:1      | Reached XP level 3. HP: 27/27 MP: 3/3
   766 | D:1      | Reached skill level 4 in Polearms
  1284 | D:2      | Reached XP level 4. HP: 33/33 MP: 4/4
  1854 | D:3      | Reached skill level 5 in Polearms
  1871 | D:3      | Slain by a gnoll

Skill      XL: |  1  2  3  4 |
---------------+-------------+-----
Polearms       | 3 4 5 |  5.1
Fighting       | |  2.0
Throwing       | |  1.7
Dodging        | |  2.6

Action                   |  1- 3 |  4- 6 || total
-------------------------+-------+-------++-------
Melee: Trident           |   157 |    72 ||   229
       Kick              |    20 |    14 ||    34
 Stab: Sleeping          |     1 |       ||     1
  Eat: Chunk             |       |     3 ||     3
Armor: Leather armour    |     5 |       ||     5
       Chain mail        |    88 |    29 ||   117
Dodge: Dodged            |    59 |    19 ||    78
